Map: Bel'Shir Vestige LE (Void)

Players

perhotspur - Winner!

  • Race: Zerg Zerg
  • League: Diamond
  • Spawn Location: 11:00

Musumeci

  • Race: Zerg Zerg
  • League: Diamond
  • Spawn Location: 5:00

VOD

Have the link to the VOD?

Description

Time

  • Played on: March 23, 2017, 6:15 p.m.
  • Length: 7:07
Show
View Real Time Build Order
Export as new Build Order

perhotspur Zerg - Winner!

Build Orders: Pool First, Zergling Baneling 

Get SALT Encoding   

  12  0:01  Drone  
  13  0:11  Extractor  
  12  0:25  Spawning Pool  
  11  0:29  Drone  
  11  0:33  Drone  
  13  0:40  Drone  
  14  0:45  Extractor  
  14  0:49  Drone  
  15  0:58  Overlord  
  15  1:12  Metabolic Boost  
  15  1:17  Zergling x4  
  17  1:24  Zergling x2  
  18  1:32  Baneling Nest  
  17  1:36  Zergling x2  
  18  1:48  Zergling x2  
  18  1:53  Queen  
  21  1:59  Zergling x2  
  22  2:09  Overlord  
  22  2:16  Baneling x2  
  19  2:46  Zergling x6  
  19  3:03  Zergling x4  
  21  3:08  Hatchery  
  21  3:09  Zergling x2  
  21  3:12  Zergling x2  
  22  3:21  Baneling x3  
  22  3:26  Drone  
  23  3:27  Drone  
  24  3:35  Zergling x2  
  24  3:36  Zergling x2  
  25  3:55  Zergling x4  
  25  3:56  Zergling x2  
  27  4:05  Baneling x2  
  27  4:06  Zergling x6  
  30  4:12  Baneling x2  
  30  4:19  Queen  
  27  4:44  Zergling x8  
  26  4:51  Drone x3  
  26  4:52  Zergling x4  
  31  5:03  Baneling x3  
  31  5:07  Overlord  
  31  5:19  Spine Crawler  
  30  5:25  Baneling x2  
  30  5:26  Baneling x2  
  30  5:30  Drone x2  
  30  5:31  Drone  
  33  5:38  Drone x2  
  34  5:49  Baneling x2  
  33  5:50  Baneling  
  31  6:01  Zergling x6  
  31  6:02  Baneling x2  
  34  6:14  Zergling x6  
  34  6:18  Drone x3  
  40  6:19  Spine Crawler  
  39  6:30  Drone x3  
  42  6:35  Overlord  
  42  6:41  Drone x2  
Show
View Real Time Build Order
Export as new Build Order

Musumeci Zerg 

Build Orders: Hatch First 

Get SALT Encoding   

  12  0:00  Drone  
  13  0:08  Drone  
  14  0:16  Overlord  
  14  0:28  Drone, Extractor x2  
  14  0:29  Drone  
  14  0:35  Drone  
  17  0:57  Hatchery, Drone  
  17  1:11  Spawning Pool  
  17  1:15  Drone, Extractor  
  16  1:19  Drone  
  16  1:22  Drone  
  18  1:27  Drone  
  19  1:37  Drone  
  20  1:47  Overlord  
  20  1:58  Queen  
  22  2:06  Zergling x2  
  23  2:10  Queen  
  23  2:11  Zergling x4  
  27  2:22  Metabolic Boost  
  27  2:25  Zergling x4  
  25  2:51  Zergling x8  
  23  3:00  Baneling Nest  
  22  3:07  Zergling x4  
  24  3:22  Queen  
  26  3:31  Zergling x2  
  24  3:57  Zergling x10  
  29  4:03  Baneling x4  
  25  4:44  Zergling x6  
  28  5:04  Overlord  
  28  5:09  Hatchery  
  27  5:18  Baneling  
  27  5:19  Baneling  
  27  5:23  Baneling x5  
  27  5:28  Zergling x2  
  24  6:00  Zergling x2  
  24  6:01  Zergling x10  
  24  6:16  Drone x3  
  28  6:25  Drone  
  28  6:27  Drone  
  29  6:40  Baneling x2  
  29  6:41  Drone x2  
  29  6:42  Drone  
Tags
 
Add a new tag
Caveats
  • Supply blocks, unpowered buildings, or Contaminate may cause inaccurate times.
  • Supply counts are checked every 10 seconds.